 Dungeon Crawl Stone Soup version 0.30-a0-374-g95c0257040 (webtiles) character file.

Game seed: 15486532709772164505

6598 Zonian the Thaumaturge (level 11, -2/65 HPs)
             Began as a Djinni Ice Elementalist on Nov 25, 2022.
             Slain by a swamp worm (17 damage)
             ... on level 8 of the Dungeon.
             The game lasted 00:29:48 (13336 turns).

Zonian the Thaumaturge (Djinni Ice Elementalist)   Turns: 13336, Time: 00:29:48

Health: -2/65      AC: 11    Str:  6    XL:     11   Next: 21%
Gold:   458        EV: 13    Int: 26    God:
                   SH:  0    Dex: 18

rFire   + + .      SeeInvis .    B - +1 short sword (speed)
rCold   x . .      Faith    .    (no shield)
rNeg    . . .      Spirit   .    a - +1 robe
rPois   ∞          Reflect  .    l - +2 helmet
rElec   .          Harm     .    t - scarf {shadows}
rCorr   .          Rampage  .    x - +0 pair of gloves
Will    +....                    (boots unavailable)
Stlth   ++........               (no amulet)
HPRegen 0.30/turn                f - +6 ring of intelligence
MPRegen 0.00/turn                i - +4 ring of protection

@: freezing walls, flying
A: sickness immunity, fire resistance 2, cold vulnerability 1, float, innate
caster, HP casting, extra vitality 1, agile 1
a: no special abilities


You were on level 8 of the Dungeon.
You visited 2 branches of the dungeon, and saw 9 of its levels.
You also visited: Bailey.

You collected 458 gold pieces.

Inventory:

Hand Weapons
 b - a +4 scimitar of freezing
 g - a +1 dagger
 u - a +1 rapier
 A - a +4 short sword of holy wrath
 B - a +1 short sword of speed (weapon)
Missiles
 d - 3 javelins
 v - 2 throwing nets
 y - 3 boomerangs
Armour
 a - a +1 robe (worn)
 l - a +2 helmet (worn)
 p - a +2 hat
 s - a +0 leather armour
 t - a scarf of shadows (worn)
 x - a +0 pair of gloves (worn)
Jewellery
 f - a +6 ring of intelligence (left hand)
 i - a +4 ring of protection (right hand)
 j - a ring of protection from cold
 C - the ring "Umylosom" {rF+ SInv}
   (You found it on level 7 of the Dungeon)

   [ring of see invisible]

   rF:        It protects you from fire.
   SInv:      It lets you see invisible.
Wands
 F - a wand of charming (23)
Scrolls
 h - a scroll of fear
 o - a scroll of magic mapping
 q - 3 scrolls of teleportation
 w - 3 scrolls of vulnerability
 D - a scroll of identify
Potions
 c - a potion of flight
 e - a potion of mutation
 k - a potion of cancellation {unknown}
 m - 2 potions of heal wounds
 n - 3 potions of haste
 r - 2 potions of might
 z - a potion of brilliance {unknown}


   Skills:
 - Level 3.0 Dodging
 - Level 2.3 Stealth
 + Level 12.8 Spellcasting


You had 11 spell levels left.
You knew the following spells:

 Your Spells              Type           Power      Damage    Failure   Level
a - Freeze                Ice            100%       1d10      1%          1
b - Frozen Ramparts       Ice            100%       1d16      1%          3
c - Ozocubu's Armour      Ice            70%        N/A       1%          3
d - Summon Ice Beast      Ice/Summ       70%        N/A       1%          4
e - Kiss of Death         Conj/Necr      100%       2d13      1%          1
f - Blink                 Tloc           100%       N/A       1%          2
g - Mephitic Cloud        Conj/Pois/Air  70%        N/A       1%          3
h - Dazzling Flash        Conj/Hex       100%       N/A       1%          3
i - Airstrike             Air            35%        2d(5-21)  1%          4
Your spell library was empty.

Dungeon Overview and Level Annotations

Branches:
Dungeon (8/15)             Temple (1/1) D:4            Lair (0/5) D:8
 Bailey (visited)

Altars:
Cheibriados
Dithmenos
Elyvilon
Fedhas
Hepliaklqana
Makhleb
Nemelex Xobeh
Okawaru
Qazlal
Ru
Trog
Uskayaw
Wu Jian
Xom
Yredelemnul


Innate Abilities, Weirdness & Mutations

You are immune to sickness and miasma.
You are immune to poison.
Your flesh is very heat resistant. (rF++)
You are vulnerable to cold. (rC-)
You float through the air rather than walking.
You learn spells naturally, not from books.
Your magical power is your life essence.
You have superior vitality. (+4 MHP)
You are agile. (Dex +4, Str/Int -1)


Message History

The swamp worm is moderately wounded.
The swamp worm bites you!
You closely miss the swamp worm.
The swamp worm is moderately wounded.
The swamp worm bites you!
You hit the swamp worm but do no damage.
The swamp worm is moderately wounded.
The swamp worm bites you!!
* * * LOW HITPOINT WARNING * * *
Unknown command.
Casting: Ozocubu's Armour (safe; 1% risk of failure)
Confirm with . or Enter, or press ? or * to list all spells.
Casting: Frozen Ramparts (safe; 1% risk of failure)
Press: ? - help, Dir - look around, f - activate Some shallow water.
The walls around you are covered in ice.
* * * LOW HITPOINT WARNING * * *
The wall freezes the swamp worm.
The swamp worm barely misses you.
Unknown command.
Casting: Frozen Ramparts (safe; 1% risk of failure)
Confirm with . or Enter, or press ? or * to list all spells.
Casting: Dazzling Flash (safe; 1% risk of failure)
Press: ? - help, Dir - look around, f - activate
* * * LOW HITPOINT WARNING * * *
The wall freezes the swamp worm.
The swamp worm completely misses you.
You feel better.
The wall freezes the swamp worm!
The swamp worm bites you!
* * * LOW HITPOINT WARNING * * *
Unknown command.
You feel much better.
The wall freezes the swamp worm!
The swamp worm bites you but does no damage.
Unknown command.
You hit the swamp worm.
The swamp worm is severely wounded.
The wall freezes the swamp worm.
The swamp worm bites you!
* * * LOW HITPOINT WARNING * * *
Unknown command.
You barely miss the swamp worm.
The swamp worm is almost dead.
The wall freezes the swamp worm.
The swamp worm bites you!
You die...

####...........#...+......##.....
...+...........#...######........
####...........#...# #.....#.....
#...........#...###'###.#.....
#........)..#...'....##.#.....
#...............##...##.#.....
#.........~~~~~.##...##.#.....
#........~~~~~~~##...##.#.....
#........~≈PP@≈~##...##.#####.
########~~##w##~~#...##.# #.
####~~~#~~~#~~~...##.######
#...~≈##~~~##≈~...##†#.....
#...~~#~~~ #~~...##†'.....
#...~≈##!~ ##≈~.######.....
#...~~~#~~ #~~~.# #.....
#....~~## ##~~..# #.....
#.....~~###≈~..## #.....


You could see a swamp worm.

Vanquished Creatures
  Maurice (D:8)
  Psyche (D:8)
  A komodo dragon (D:8)
  9 yaks (D:8)
  Eustachio (D:5)
  4 humans (Bailey)
  3 vampire mosquitoes (D:7)
  2 water moccasins
  2 ice beasts
  An orc warrior (D:7)
  An ogre (D:5)
  2 phantoms (D:4)
  4 centaurs
  11 bullfrogs
  A gnoll sergeant (D:6)
  A necrophage (D:5)
  A wight (D:8)
  10 killer bees (D:8)
  2 howler monkeys (D:7)
  2 jellies (D:7)
  A hound (D:5)
  3 iguanas (D:5)
  Natasha (twice) (D:4)
  An orc wizard (D:8)
  5 gnolls (D:6)
  10 adders
  A white imp (D:6)
  A worm (D:5)
  A dart slug (D:4)
  12 orcs
  5 ball pythons
  9 endoplasms
  3 giant cockroaches
  16 goblins
  9 hobgoblins
  7 jackals
  11 kobolds
  4 quokkas
  6 bats
  13 frilled lizards
  11 rats
191 creatures vanquished.

Vanquished Creatures (collateral kills)
  A vampire mosquito (D:7)
  An acid dragon (D:8)
  3 wights (D:8)
  A hound (D:5)
  A jelly (D:5)
  An iguana (D:5)
  A gnoll (Bailey)
  2 hobgoblins (Bailey)
11 creatures vanquished.

Vanquished Creatures (others)
  35 plants (D:8)
35 creatures vanquished.

Grand Total: 237 creatures vanquished

Notes
Turn   | Place    | Note
-------+----------+-------------------------------------------
     0 | D:1      | Zonian the Djinni Ice Elementalist began the quest for the
                  | Orb.
     0 | D:1      | Zonian set off with the following spells memorised: Freeze,
                  | Frozen Ramparts, Ozocubu's Armour, Summon Ice Beast.
     0 | D:1      | Reached XP level 1. HP: 15/15 MP: 0/0
   339 | D:1      | Reached XP level 2. HP: 10/21 MP: 0/0
   598 | D:1      | Reached XP level 3. HP: 22/25 MP: 0/0
   598 | D:1      | Learned a level 1 spell: Kiss of Death
  1062 | D:1      | You are sucked into a shaft and drop 1 floor!
  1393 | D:1      | Reached XP level 4. HP: 31/31 MP: 0/0
  2080 | D:2      | Found a burning altar of Makhleb.
  2246 | D:2      | Reached skill level 4 in Spellcasting
  2947 | D:3      | Reached XP level 5. HP: 33/35 MP: 0/0
  2947 | D:3      | Learned a level 2 spell: Blink
  4063 | D:4      | Noticed Natasha
  4070 | D:4      | Killed Natasha
  4071 | D:4      | Reached XP level 6. HP: 32/40 MP: 0/0
  4217 | D:4      | Found a white marble altar of Elyvilon.
  4228 | D:4      | Found a staircase to the Ecumenical Temple.
  4434 | D:4      | Reached skill level 5 in Spellcasting
  5104 | D:4      | Gained mutation: You are agile. (Dex +4, Str/Int -1)
                  | [potion of mutation]
  5165 | D:4      | Noticed Natasha
  5177 | D:4      | Killed Natasha
  5187 | D:4      | Reached XP level 7. HP: 24/45 MP: 0/0
  5187 | D:4      | Learned a level 3 spell: Mephitic Cloud
  5509 | D:5      | Entered Level 5 of the Dungeon
  5563 | D:5      | Reached skill level 6 in Spellcasting
  5783 | D:5      | Noticed Eustachio
  5871 | D:5      | Killed Eustachio
  5899 | D:5      | Reached XP level 8. HP: 37/50 MP: 0/0
  5901 | D:5      | Reached skill level 7 in Spellcasting
  7025 | D:6      | Reached skill level 8 in Spellcasting
  8115 | D:7      | Reached XP level 9. HP: 46/55 MP: 0/0
  8115 | D:7      | Learned a level 3 spell: Dazzling Flash
  8239 | D:7      | Reached skill level 9 in Spellcasting
  8470 | D:7      | Found a flagged portal.
  8477 | Bailey   | Entered a bailey
  8850 | Bailey   | Reached skill level 10 in Spellcasting
  9275 | Bailey   | Reached XP level 10. HP: 36/60 MP: 0/0
  9293 | Bailey   | Noticed a vault guard
 10317 | D:7      | Reached skill level 11 in Spellcasting
 10777 | D:7      | Identified the ring "Umylosom" {rF+ SInv}
 11366 | Temple   | Entered the Ecumenical Temple
 11789 | D:8      | Noticed Psyche
 12043 | D:8      | Reached skill level 12 in Spellcasting
 12361 | D:8      | Killed Psyche
 12477 | D:8      | Reached XP level 11. HP: 41/65 MP: 0/0
 12477 | D:8      | Learned a level 4 spell: Airstrike
 12828 | D:8      | Found a staircase to the Lair.
 12865 | D:8      | Noticed Maurice
 12884 | D:8      | Killed Maurice
 13336 | D:8      | Slain by a swamp worm

Illustrated notes

Levels and vault maps discovered:
D:1:      dpeg_arrival_water_fire, layout_loops_ring, minmay_lizard_pond
D:2:      layout_basic, basic_altar
D:3:      minmay_thinvault, layout_basic, minivault_24
D:4:      layout_basic, mainiacjoe_overflow_paths,
          nicolae_overflow_hidden_temple, minmay_temple_entry_purple_smoke,
          kennysheep_generic_room_11, uniq_natasha
D:5:      layout_rooms, serial_glass, glass_columns_b, glass_columns_c,
          glass_columns_a, glass_columns_a, glass_columns_b,
          nicolae_zen_rock_garden, chequers_serial_rivers_micro_a,
          skrybe_limestone_x, uniq_eustachio
D:6:      layout_layer_cave
D:7:      layout_loops_corners, enter_bailey_3, kennysheep_generic_room_14
D:8:      layout_basic, david_lair_shrubbed, enter_ossuary_5, worms_lemuel,
          uniq_psyche, uniq_maurice
Temple:   nicolae_temple_great_sept

Skill      XL: |  1  2  3  4  5  6  7  8  9 10 |
---------------+-------------------------------+-----
Stealth        | 2 |  2.3
Dodging        | 3 |  3.0
Spellcasting   | 4 5 6 8 10 12 | 12.8

Action                   |  1- 3 |  4- 6 |  7- 9 | 10-12 || total
-------------------------+-------+-------+-------+-------++-------
Melee: Unarmed           |    36 |       |       |       ||    36
       Dagger            |     9 |   175 |    52 |       ||   236
       Punch             |       |     2 |     3 |     3 ||     8
       Rapier            |       |       |    87 |       ||    87
       Short sword       |       |       |    73 |   202 ||   275
Throw: Javelin           |       |     2 |       |     4 ||     6
       Throwing net      |       |       |       |     1 ||     1
 Cast: Freeze            |    52 |    81 |     4 |     3 ||   140
       Kiss of Death     |     1 |       |       |       ||     1
       Frozen Ramparts   |       |     4 |    10 |    11 ||    25
       Ozocubu's Armour  |       |     2 |     3 |     6 ||    11
       Mephitic Cloud    |       |       |    15 |     6 ||    21
       Summon Ice Beast  |       |       |     5 |     9 ||    14
       Dazzling Flash    |       |       |     2 |     3 ||     5
       Blink             |       |       |       |     3 ||     3
       Airstrike         |       |       |       |     1 ||     1
  Use: Scroll            |     2 |     9 |     4 |     5 ||    20
       Potion            |       |     1 |     3 |     6 ||    10
 Stab: Sleeping          |     1 |     2 |     2 |     1 ||     6
       Confused          |       |       |     8 |     5 ||    13
Armor: Robe              |    23 |    87 |    72 |    55 ||   237
Dodge: Dodged            |    49 |   133 |   139 |   115 ||   436

Table legend: (Time is in decaauts)
 A = Elapsed time spent in this place.
 B = Non-inter-level travel time spent in this place.
 C = Inter-level travel time spent in this place.
 D = Time resting spent in this place.
 E = Time spent auto-exploring this place.
 F = Levels seen in this place.
 G = Mean time per level.
                   A        B        C        D        E       F      G
               +--------+--------+--------+--------+--------+-----+--------+
         Total |  13250 |  12710 |    540 |   4654 |   5799 |  10 | 1325.0 |
       Dungeon |  12295 |  11766 |    529 |   3971 |   5719 |   8 | 1536.9 |
        Temple |     95 |     85 |     10 |      0 |     66 |   1 |   95.0 |
        Bailey |    859 |    859 |      0 |    683 |     14 |   1 |  859.0 |
               +--------+--------+--------+--------+--------+-----+--------+

Top non-repeatable levels by time:
     D:7: 2308 daAuts
     D:6: 1798 daAuts
     D:4: 1786 daAuts
     D:8: 1763 daAuts
     D:1: 1688 daAuts
     D:3: 1142 daAuts
     D:2: 953 daAuts
  Bailey: 859 daAuts
     D:5: 853 daAuts
  Temple: 95 daAuts
